 Dungeon Crawl Stone Soup version 0.31-a0-354-g827e0957a7 (webtiles) character file.

Game seed: 10990005068581025909

424 cforsyth the Charlatan (level 6, -3/47 HPs)
             Began as a Gnoll Artificer on July 23, 2023.
             Succumbed to a kobold brigand's poison
             ... in a sewer.
             The game lasted 00:08:51 (3624 turns).

cforsyth the Charlatan (Gnoll Artificer)            Turns: 3624, Time: 00:08:51

Health: -3/47      AC:  5    Str: 11    XL:     6   Next: 96%
Magic:  9/9        EV: 13    Int: 12    God:
Gold:   192        SH:  0    Dex: 19    Spells: 9/9 levels left

rFire   . . .        a - +0 club
rCold   . . .        (no shield)
rNeg    . . .        r - +2 robe {Will+}
rPois   .            (no helmet)
rElec   .            (no cloak)
rCorr   .            p - +0 pair of gloves
SInv    .            (no boots)
Will    +....        k - amulet of regeneration
Stlth   +++          o - ring of flight
HPRegen 1.07/turn    f - +6 ring of dexterity
MPRegen 0.11/turn

%: no passive effects
@: lethally poisoned (-3 -> -21), flying, slowed, very slow
A: fangs 1, strong nose, distributed training
a: no special abilities


You were in a sewer.
You visited 1 branch of the dungeon, and saw 4 of its levels.
You also visited: Sewer.

You collected 192 gold pieces.

Inventory:

Hand Weapons
 a - a +0 club (weapon)
Armour
 b - a +0 leather armour
 p - a +0 pair of gloves (worn)
 r - a +2 robe of willpower (worn)
Jewellery
 f - a +6 ring of dexterity (right hand)
 g - a ring of fire
 k - an amulet of regeneration (around neck)
 o - a ring of flight (left hand)
Wands
 d - a wand of charming (15)
 e - a wand of iceblast (1)
Scrolls
 q - 2 scrolls of vulnerability
Potions
 h - a potion of attraction {unknown}
 l - 2 potions of curing
 n - a potion of brilliance
 s - a potion of mutation {unknown}
 t - a potion of heal wounds {unknown}


   Skills:
 + Level 3.4 Fighting
 + Level 2.2 Short Blades
 + Level 2.2 Long Blades
 + Level 2.2 Axes
 + Level 2.2 Maces & Flails
 + Level 2.2 Polearms
 + Level 2.2 Staves
 + Level 2.2 Ranged Weapons
 + Level 2.2 Throwing
 + Level 5.1 Armour
 + Level 3.4 Dodging
 + Level 3.2 Stealth
 + Level 2.2 Shields
 + Level 2.2 Unarmed Combat
 + Level 2.2 Spellcasting
 + Level 1.8 Conjurations
 + Level 1.8 Hexes
 + Level 1.8 Summonings
 + Level 1.8 Necromancy
 + Level 1.8 Translocations
 + Level 1.8 Transmutations
 + Level 1.8 Fire Magic
 + Level 1.8 Ice Magic
 + Level 1.8 Air Magic
 + Level 1.8 Earth Magic
 + Level 1.8 Poison Magic
 + Level 2.4 Invocations
 + Level 6.9 Evocations
 + Level 1.8 Shapeshifting


You had 9 spell levels left.
You didn't know any spells.
Your spell library contained the following spells:

 Spells                   Type           Power      Damage    Failure   Level
 Foxfire                  Conj/Fire      20%        2x1d5     13%         1
 Plasma Beam              Fire/Air       2%         2x1d12    100%        6
 Starburst                Conj/Fire      2%         6d3       100%        6


Dungeon Overview and Level Annotations

Branches:
Dungeon (4/15)              Sewer (1/1)
 Temple: D:4-7

Altars:
Wu Jian

Shops:
D:4 **

Annotations:
D:3 1 runed translucent door, Crazy Yiuf


Innate Abilities, Weirdness & Mutations

You have very sharp teeth.
Your uncanny sense of smell can sniff out nearby items.
Your experience applies equally to all skills.


Message History

You see here a +0 dagger.
A kobold brigand and a kobold come into view.
The kobold brigand is wielding a +0 short sword and quivering curare-tipped darts.
The kobold is wielding a +0 short sword and quivering poisoned darts.
The kobold shouts!
The kobold throws a poisoned dart.
The poisoned dart hits you!
You are poisoned.
There are monsters nearby!
There are monsters nearby!
You feel very sick.
You feel sick.
The kobold brigand throws a poisoned dart.
The poisoned dart misses you.
You feel sick.
The kobold throws a poisoned dart.
The poisoned dart barely misses you.
The kobold brigand throws a curare-tipped dart.
The curare-tipped dart hits you.
You are more poisoned.
You have difficulty breathing.
You feel yourself slow down.
The kobold brigand throws a poisoned dart.
The poisoned dart hits you!
You are more poisoned.
You feel extremely sick.
The kobold throws a poisoned dart.
The poisoned dart completely misses you.
The kobold brigand throws a curare-tipped dart.
The curare-tipped dart hits you.
You are more poisoned.
You have difficulty breathing.
You feel as though you will be slow longer.
* * * LOW HITPOINT WARNING * * *
You feel extremely sick.
The kobold brigand throws a poisoned dart.
The poisoned dart hits you.
You are more poisoned.
The kobold brigand throws a poisoned dart.
The poisoned dart hits you!
You are more poisoned.
* * * LOW HITPOINT WARNING * * *
You feel extremely sick.
You die...

#~# #~# #~# #~#
#)# #~# #~# #~#
#@# #~# #~# #~#
##~#######
#.~~.~.~.K
...~...~.~~~~~~
~~~≈~~~~~~~≈≈≈~
≈≈≈≈≈≈≈≈≈≈≈≈≈≈~


There were no monsters in sight!

Vanquished Creatures
  A bullfrog (D:4)
  An orc priest (D:3)
  Jessica (D:3)
  A sleepcap (D:4)
  4 orc wizards (D:4)
  8 adders
  A river rat (Sewer)
  A worm (D:2)
  A dart slug (D:2)
  15 orcs
  7 ball pythons
  4 endoplasms
  4 giant cockroaches
  A goblin (D:2)
  7 hobgoblins
  3 jackals (D:2)
  4 quokkas
  3 bats
  2 frilled lizards
  9 kobolds
  21 rats
99 creatures vanquished.

Notes
Turn   | Place    | Note
-------+----------+-------------------------------------------
     0 | D:1      | cforsyth the Gnoll Artificer began the quest for the Orb.
     0 | D:1      | Reached XP level 1. HP: 17/17 MP: 1/1
   351 | D:1      | Reached XP level 2. HP: 18/23 MP: 2/2
   911 | D:1      | Reached XP level 3. HP: 27/28 MP: 3/3
  1130 | D:2      | Reached skill level 1 in Invocations
  1318 | D:2      | HP: 1/28 [worm (7)]
  1663 | D:2      | Reached skill level 1 in Short Blades
  1663 | D:2      | Reached skill level 1 in Long Blades
  1663 | D:2      | Reached skill level 1 in Axes
  1663 | D:2      | Reached skill level 1 in Maces & Flails
  1663 | D:2      | Reached skill level 1 in Polearms
  1663 | D:2      | Reached skill level 1 in Staves
  1663 | D:2      | Reached skill level 1 in Ranged Weapons
  1663 | D:2      | Reached skill level 1 in Throwing
  1663 | D:2      | Reached skill level 1 in Shields
  1663 | D:2      | Reached skill level 1 in Unarmed Combat
  1663 | D:2      | Reached skill level 1 in Spellcasting
  1707 | D:2      | Reached XP level 4. HP: 10/34 MP: 5/5
  2257 | D:3      | Reached skill level 1 in Conjurations
  2257 | D:3      | Reached skill level 1 in Hexes
  2257 | D:3      | Reached skill level 1 in Summonings
  2257 | D:3      | Reached skill level 1 in Necromancy
  2257 | D:3      | Reached skill level 1 in Translocations
  2257 | D:3      | Reached skill level 1 in Transmutations
  2257 | D:3      | Reached skill level 1 in Fire Magic
  2257 | D:3      | Reached skill level 1 in Ice Magic
  2257 | D:3      | Reached skill level 1 in Air Magic
  2257 | D:3      | Reached skill level 1 in Earth Magic
  2257 | D:3      | Reached skill level 1 in Poison Magic
  2257 | D:3      | Reached skill level 1 in Shapeshifting
  2299 | D:3      | Found a runed translucent door.
  2300 | D:3      | Noticed Crazy Yiuf
  2318 | D:3      | Noticed Jessica
  2323 | D:3      | Killed Jessica
  2373 | D:3      | Reached XP level 5. HP: 39/40 MP: 5/7
  3075 | D:4      | Found Xioculiu's Assorted Antiques.
  3150 | D:4      | Reached XP level 6. HP: 40/47 MP: 8/8
  3159 | D:4      | Found an ornate altar of the Wu Jian Council.
  3167 | D:4      | Reached skill level 5 in Armour
  3302 | D:4      | Found Kebownos's General Store.
  3385 | D:4      | Found a glowing drain.
  3406 | Sewer    | Entered a sewer
  3624 | Sewer    | Succumbed to a kobold brigand's poison

Illustrated notes

Levels and vault maps discovered:
D:1:      onia_arrival_handbag, layout_basic, minmay_rat_gold_closets
D:2:      layout_rooms, kennysheep_generic_room_10
D:3:      layout_loops_cross, uniq_jessica, uniq_crazy_yiuf_cottage
D:4:      layout_loops_ring, chei_slow_surprise,
          nicolae_hepliaklqana_monster_ancestors, overflow_temple_1_default,
          portal_sewer_entry_d, serial_shops, nicolae_shop_stone,
          kennysheep_mini, nicolae_shop_dealshenge, shop_fountains, shop,
          minmay_misc_feat_x
Sewer:    sewer_kobolds

Skill      XL: |  1  2  3  4  5  6 |
---------------+-------------------+-----
Invocations    | 1 2 |  2.4
Short Blades   | 1 2 |  2.2
Long Blades    | 1 2 |  2.2
Axes           | 1 2 |  2.2
Maces & Flails | 1 2 |  2.2
Polearms       | 1 2 |  2.2
Staves         | 1 2 |  2.2
Ranged Weapons | 1 2 |  2.2
Throwing       | 1 2 |  2.2
Shields        | 1 2 |  2.2
Unarmed Combat | 1 2 |  2.2
Spellcasting   | 1 2 |  2.2
Conjurations   | 1 |  1.8
Hexes          | 1 |  1.8
Summonings     | 1 |  1.8
Necromancy     | 1 |  1.8
Translocations | 1 |  1.8
Transmutations | 1 |  1.8
Fire Magic     | 1 |  1.8
Ice Magic      | 1 |  1.8
Air Magic      | 1 |  1.8
Earth Magic    | 1 |  1.8
Poison Magic   | 1 |  1.8
Shapeshifting  | 1 |  1.8
Fighting       | 3 |  3.4
Dodging        | 3 |  3.4
Stealth        | 3 |  3.2
Armour         | 5 |  5.1
Evocations     | |  6.9

Action                     |  1- 3 |  4- 6 || total
---------------------------+-------+-------++-------
  Melee: Club              |   219 |   299 ||   518
         Bite              |    22 |    36 ||    58
         Punch             |     3 |     9 ||    12
  Evoke: Wand              |     5 |    14 ||    19
    Use: Scroll            |       |     6 ||     6
   Stab: Sleeping          |     9 |     8 ||    17
 Armour: Leather armour    |    69 |    20 ||    89
         Robe              |       |    83 ||    83
  Dodge: Dodged            |   205 |   244 ||   449

Table legend: (Time is in decaauts)
 A = Elapsed time spent in this place.
 B = Non-inter-level travel time spent in this place.
 C = Inter-level travel time spent in this place.
 D = Time resting spent in this place.
 E = Time spent auto-exploring this place.
 F = Levels seen in this place.
 G = Mean time per level.
                   A        B        C        D        E       F      G
               +--------+--------+--------+--------+--------+-----+--------+
         Total |   3749 |   3658 |     91 |    191 |   2044 |   5 |  749.8 |
       Dungeon |   3522 |   3431 |     91 |    191 |   1965 |   4 |  880.5 |
         Sewer |    227 |    227 |      0 |      0 |     79 |   1 |  227.0 |
               +--------+--------+--------+--------+--------+-----+--------+

Top non-repeatable levels by time:
     D:1: 1219 daAuts
     D:2: 1080 daAuts
     D:3: 851 daAuts
     D:4: 370 daAuts
   Sewer: 227 daAuts
